 Dungeon Crawl Stone Soup version 0.22-a0-161-g198051c (webtiles) character file.

8 MatthieuS the Grave Robber (level 2, 0/22 HPs)
             Began as a Ghoul Necromancer on Feb 11, 2018.
             Slain by a jackal (1 damage)
             ... on level 1 of the Dungeon.
             The game lasted 00:02:20 (458 turns).

MatthieuS the Grave Robber (Ghoul Necromancer)       Turns: 458, Time: 00:02:20

Health: 0/22       AC:  2    Str: 11    XL:     2   Next: 8%
Magic:  2/3        EV: 12    Int: 10    God:
Gold:   33         SH:  0    Dex:  9    Spells: 2/4 levels left

rFire    . . .     SeeInvis .   e - +0 dagger
rCold    + . .     Gourm    .   (no shield)
rNeg     + + +     Faith    .   a - +0 robe rPois āˆž Spirit .
                                (no helmet)
rElec    .         Reflect  .   (no cloak)
rCorr    .         Harm     .   (no gloves)
MR       .....                  (no boots)
Stlth    ++........             (no amulet)
HPRegen  0.00/turn              (no ring)
MPRegen  0.08/turn              (no ring)

@: rotting, hasted, very quick
A: rotting body, claws 1, carnivore, cold resistance 1, negative energy
resistance 3, inhibited regeneration, torment resistance, unbreathing
a: no special abilities


You were on level 1 of the Dungeon.
You were not hungry.

You visited 1 branch of the dungeon, and saw 1 of its levels.

You collected 33 gold pieces.

Inventory:

Hand Weapons
 e - a +0 dagger (weapon)
Armour
 a - a +0 robe (worn)
 g - a +0 cloak
Potions
 h - a potion of haste
Books
 b - a book of Necromancy

   Spells                             Type                      Level
   a - Pain                           Necromancy                   1
   b - Animate Skeleton               Necromancy                   1
   c - Vampiric Draining              Necromancy                   3
   d - Regeneration                   Charms/Necromancy            3
   e - Animate Dead                   Necromancy                   4
Comestibles
 c - 2 rations
 d - a chunk of flesh


   Skills:
 + Level 0.6 Fighting
 + Level 2.0 Dodging
 - Level 2.1 Stealth
 + Level 1.9 Spellcasting
 + Level 4.1 Necromancy


You had 2 spell levels left.
You knew the following spells:

 Your Spells              Type           Power        Failure   Level  Hunger
a - Animate Skeleton      Necr           N/A          6%          1    ##.....
b - Pain                  Necr           #...         6%          1    ##.....


Dungeon Overview and Level Annotations

Branches:
Dungeon (1/15)

Altars:


Innate Abilities, Weirdness & Mutations

Your body is rotting away.
You thrive on raw meat.
You are immune to poison.
You have sharp fingernails.
You are carnivorous and can eat meat at any time.
Your flesh is cold resistant. (rC+)
You are immune to negative energy. (rN+++)
You do not regenerate when monsters are visible.
You are immune to unholy pain and torment.
You can survive without breathing.


Message History

* * * LOW HITPOINT WARNING * * *
The jackal barely misses you. The hobgoblin misses you.
You closely miss the jackal.
The jackal is severely wounded.
The jackal barely misses you.
The jackal bites you but does no damage.
The jackal bites you.
* * * LOW HITPOINT WARNING * * *
The hobgoblin hits you.
* * * LOW HITPOINT WARNING * * *
You completely miss the jackal.
The jackal is severely wounded.
The jackal barely misses you. The jackal closely misses you.
The jackal bites you.
* * * LOW HITPOINT WARNING * * *
Unknown command.
You hit the jackal.
The jackal is almost dead.
The jackal bites you.
You die...

########### ###########
#...#.....# ####..........
##...#.....## #.............
#...........###.............
#.............#.....##.....#
#.>.........................
#..........b................
#.##......hhg.#####........#
...##....######@h.#
####.....# ...........#
########## ##....+
...............
#.<'.####....#
#...............
#..#...###..##
#..%............
####''####..
................ #...#PāŒ #
....###......... #...#P[#
.... #.........#
#...#P.#.... ... #........
#ā‰ˆ.ā‰ˆ##'##..#...#


You could see 3 jackals, a hobgoblin and a bat.

Vanquished Creatures
  A bat (D:1)
  A giant cockroach (D:1)
  A goblin (D:1)
  A jackal (D:1)
  A frilled lizard (D:1)
  3 rats (D:1)
8 creatures vanquished.

Notes
Turn   | Place    | Note
-------+----------+-------------------------------------------
     0 | D:1      | MatthieuS the Ghoul Necromancer began the quest for the Orb.
     0 | D:1      | Reached XP level 1. HP: 14/14 MP: 2/2
   155 | D:1      | Learned a level 1 spell: Animate Skeleton
   387 | D:1      | Reached XP level 2. HP: 22/22 MP: 3/3
   457 | D:1      | HP: 1/22 [jackal (2)]
   458 | D:1      | Slain by a jackal

Vault maps used:
D:1:      sevenhm_arrival_forest_fort_small_3

Skill      XL: |  1  2 |
---------------+-------+-----
Dodging        | 2 |  2.0
Fighting       | |  0.6
Stealth        | |  2.1
Spellcasting   | |  1.9
Necromancy     | |  4.1

Action                   || total
-------------------------++-------
Melee: Dagger            ||    37
       Unarmed           ||     3
 Cast: Pain              ||     5
       Animate Skeleton  ||     2
  Use: Potion            ||     2
       Scroll            ||     1
 Stab: Sleeping          ||     3
  Eat: Chunk             ||     2
Armor: Robe              ||    14
Dodge: Dodged            ||    50

Table legend:
 A = Spawn XP
 B = Non-spawn XP
 C = Spawn XP percentage of total XP
 D = Spawn monster count
 E = Non-spawn monster count
 F = Spawn count percentage of total count
 G = Total turns spent on level
                    A         B        C        D         E        F      G
               +---------+---------+-------+---------+---------+-------+---------
         Total |       0 |      12 |   0.0 |       0 |       8 |   0.0 |   458
               +---------+---------+-------+---------+---------+-------+---------
           D:1 |       0 |      12 |   0.0 |       0 |       8 |   0.0 |   458
               +---------+---------+-------+---------+---------+-------+---------
